Map: Acid Plant LE

Players

Lambo - Winner!

  • Race: Zerg Zerg
  • League: Master
  • Spawn Location: 5:00

RiSky

  • Race: Zerg Zerg
  • League: Master
  • Spawn Location: 11:00

Event: HomeStory Cup XVII

VOD

Have the link to the VOD?

Description

Time

  • Played on: June 28, 2018, 1:17 p.m.
  • Length: 5:46

All games in this series

Show
View Real Time Build Order
Export as new Build Order

Lambo Zerg - Winner!

Build Orders: Hatch First 

Get SALT Encoding   

  12  0:00  Drone  
  13  0:13  Overlord  
  13  0:17  Drone  
  14  0:31  Drone x2  
  16  0:37  Drone  
  17  0:51  Hatchery  
  17  0:55  Drone  
  17  0:57  Drone  
  17  1:03  Extractor  
  17  1:12  Spawning Pool  
  17  1:16  Drone  
  17  1:20  Drone  
  18  1:29  Drone  
  19  1:42  Drone  
  20  1:51  Overlord  
  20  1:59  Queen  
  22  2:02  Queen  
  22  2:03  Metabolic Boost  
  22  2:07  Drone  
  22  2:08  Drone  
  26  2:12  Drone  
  26  2:14  Drone  
  28  2:23  Zergling x2  
  28  2:24  Drone  
  30  2:36  Drone  
  31  2:39  Hatchery  
  31  2:40  Drone  
  31  2:47  Queen  
  31  2:49  Overlord  
  33  2:56  Zergling x4  
  33  2:57  Zergling x2  
  36  3:15  Drone x6  
  36  3:16  Drone  
  36  3:19  Drone  
  44  3:24  Overlord  
  44  3:33  Evolution Chamber  
  44  3:34  Drone  
  43  3:43  Drone x2  
  43  3:47  Zergling x2  
  43  3:48  Zergling x6  
  47  3:54  Zergling x4  
  47  3:55  Roach Warren  
  47  4:01  Zergling x6  
  50  4:04  Evolution Chamber  
  50  4:05  Zergling x4  
  50  4:17  Zergling x8  
  46  4:25  Zergling x2  
  46  4:27  Zergling x2  
  46  4:28  Zergling x4  
  46  4:29  Zergling x2  
  46  4:30  Zergling x2  
  44  4:34  Zergling x6  
  44  4:38  Roach  
  46  4:43  Roach, Zergling x2  
  45  4:51  Roach x3  
  44  4:57  Roach  
  44  5:00  Roach  
  44  5:04  Roach x4  
  54  5:09  Roach, Baneling Nest  
  55  5:16  Roach  
  55  5:17  Overlord  
  57  5:26  Overlord  
Show
View Real Time Build Order
Export as new Build Order

RiSky Zerg 

Build Orders: Hatch First, Zergling Baneling 

Get SALT Encoding   

  12  0:00  Drone  
  13  0:11  Overlord  
  13  0:16  Drone  
  14  0:30  Drone x2  
  16  0:47  Hatchery  
  15  0:51  Drone  
  15  0:54  Drone  
  17  0:57  Drone  
  18  1:08  Extractor  
  17  1:13  Spawning Pool  
  17  1:16  Drone  
  17  1:19  Drone  
  18  1:27  Drone  
  19  1:38  Drone  
  20  1:49  Overlord  
  20  1:59  Queen x2, Drone  
  20  2:00  Drone  
  26  2:10  Drone x2  
  28  2:21  Drone x2  
  30  2:31  Overlord x2  
  30  2:35  Queen  
  32  2:37  Metabolic Boost  
  32  2:41  Baneling Nest  
  32  2:43  Zergling x2  
  32  2:45  Zergling x2  
  33  2:53  Zergling x4  
  35  3:05  Evolution Chamber  
  34  3:07  Roach Warren  
  33  3:13  Zergling x6, Evolution Chamber  
  33  3:18  Zergling x4  
  37  3:20  Zergling x2  
  37  3:23  Zergling x2  
  37  3:25  Zergling x2  
  37  3:27  Zergling x2  
  41  3:33  Zergling x2  
  42  3:36  Zergling x2  
  42  3:40  Zergling x2  
  44  3:55  Overlord  
  44  4:07  Baneling x4  
  44  4:08  Baneling  
  44  4:09  Baneling x3  
  44  4:14  Overlord  
  44  4:19  Zergling x6  
  44  4:22  Zergling x6  
  45  4:24  Zergling x2  
  45  4:25  Zergling x4  
  45  4:26  Zergling x2  
  45  4:30  Zergling x4  
  46  4:35  Zergling x2  
  46  4:39  Zergling x4  
  46  4:44  Zergling x2  
  45  4:54  Zergling x6  
  45  4:58  Baneling x4  
  45  5:00  Zergling x4  
  45  5:03  Zergling x2  
  45  5:06  Baneling x2  
  48  5:07  Baneling  
  48  5:10  Zergling x2  
  48  5:13  Baneling x2  
  49  5:20  Zergling x4  
  51  5:22  Zergling x2  
  48  5:28  Zergling x2  
  48  5:29  Zergling x2  
Tags
 
Add a new tag
Caveats
  • Supply blocks, unpowered buildings, or Contaminate may cause inaccurate times.
  • Supply counts are checked every 10 seconds.